 Dungeon Crawl Stone Soup version 0.24-a0-434-gd57e52fea8 (webtiles) character file.

Game seed: 10807515376761732974

23 Azzok the Shield-Bearer (level 3, -4/29 HPs)
             Began as a Formicid Fighter on June 15, 2019.
             Slain by Sigmund
             ... wielding a +0 scythe
              (6 damage)
             ... on level 2 of the Dungeon.
             The game lasted 00:01:13 (1063 turns).

Azzok the Shield-Bearer (Formicid Fighter)          Turns: 1063, Time: 00:01:14

Health: -4/29      AC:  6    Str: 21    XL:     3   Next: 12%
Magic:  3/3        EV:  8    Int:  7    God:
Gold:   53         SH:  0    Dex: 10    Spells: 2/2 levels left

rFire    . . .     SeeInvis +   a - +0 war axe
rCold    . . .     Gourm    .   c - +0 shield
rNeg     . . .     Faith    .   b - +0 scale mail
rPois    .         Spirit   .   (helmet unavailable)
rElec    .         Reflect  .   (no cloak)
rCorr    .         Harm     .   (no gloves)
MR       .....                  (no boots)
Stlth    ..........             (no amulet)
HPRegen  0.09/turn              (no ring)
MPRegen  0.08/turn              (no ring)

@: confused
A: permanent stasis, dig shafts and tunnels, four strong arms, antennae 3
a: Dig, Shaft Self


You were on level 2 of the Dungeon.
You were hungry.

You visited 1 branch of the dungeon, and saw 2 of its levels.

You collected 53 gold pieces.

Inventory:

Hand Weapons
 a - a +0 war axe (weapon)
Armour
 b - a +0 scale mail (worn)
 c - a +0 shield (worn)
Scrolls
 e - 2 scrolls of enchant armour {unknown}
 h - 2 scrolls of remove curse {unknown}
 i - a scroll of blinking {unknown}
 k - a scroll of amnesia {unknown}
 m - 2 scrolls of identify {unknown}
 n - a scroll of random uselessness {unknown}
Potions
 d - a potion of might
 j - a potion of resistance {unknown}
 l - a potion of magic {unknown}
Comestibles
 f - 3 rations
 g - 2 chunks of flesh


   Skills:
 - Level 3.2 Fighting
 + Level 2.7 Axes
 - Level 3.2 Armour
 + Level 4.3 Shields


You had 2 spell levels left.
You didn't know any spells.
Your spell library was empty.

Dungeon Overview and Level Annotations

Branches:
Dungeon (2/15)

Altars:

Annotations:
D:2 Sigmund


Innate Abilities, Weirdness & Mutations

You cannot be hasted, slowed, berserked, paralysed or teleported.
You can dig through walls and to a lower floor.
Your four strong arms can wield two-handed weapons with a shield.
You have a pair of large antennae on your head. (SInv)


Message History

Sigmund flickers and vanishes for a moment.
You miss Sigmund.
Sigmund is almost dead.
You block Sigmund's attack.
Your scale mail prevents you from hitting Sigmund.
Sigmund is almost dead.
Sigmund closely misses you.
You barely miss Sigmund.
Sigmund is almost dead.
Sigmund gestures at you while chanting. The puff of flame hits you.
* * * LOW HITPOINT WARNING * * *
You hit Sigmund.
Sigmund is almost dead.
Sigmund casts a spell at you.
You are confused.
You miss Sigmund.
Sigmund is almost dead.
Sigmund hits you with a +0 scythe.
You die...

▒···▒▒·▒
▒▒·▒·▒·▒·▒
▒▒▒·▒▒·····▒
·······▒·▒▒▒
···▒▒···▒▒
▒▒▒ ▒▒·▒▒
▒·▒
▒▒▒▒▒▒▒▒·▒
······@@·▒
▒▒▒▒▒▒▒▒▒▒


You could see Sigmund (invisible).

Vanquished Creatures
  A dart slug (D:1)
  A leopard gecko (D:1)
  2 giant cockroaches (D:1)
  2 goblins (D:1)
  3 hobgoblins (D:1)
  2 jackals (D:1)
  3 bats
  2 frilled lizards (D:1)
  3 rats (D:1)
19 creatures vanquished.

Notes
Turn   | Place    | Note
-------+----------+-------------------------------------------
     0 | D:1      | Azzok the Formicid Fighter began the quest for the Orb.
     0 | D:1      | Reached XP level 1. HP: 18/18 MP: 1/1
   244 | D:1      | Reached skill level 4 in Shields
   244 | D:1      | Reached XP level 2. HP: 24/24 MP: 2/2
   753 | D:1      | Reached XP level 3. HP: 28/29 MP: 3/3
  1043 | D:2      | Noticed Sigmund
  1061 | D:2      | HP: 1/29 [Sigmund/puff of flame (3)]
  1063 | D:2      | Slain by Sigmund

Levels and vault maps discovered:
D:1:      mainiacjoe_arrival_reflecting_pool, layout_basic,
          grunt_decor_fettered, st_stairs_10, minivault_11, minmay_statues_item,
          kennysheep_nondescript, columned_hall_lemuel
D:2:      layout_loops_ring, lemuel_crystal_altar,
          chequers_ecumenical_altar_simple, fedhas_altar_1, uniq_sigmund

Skill      XL: |  1 |
---------------+----+-----
Shields        | 4 |  4.3
Fighting       | |  3.2
Axes           | |  2.7
Armour         | |  3.2

Action                   || total
-------------------------++-------
Melee: War axe           ||    73
Armor: Scale mail        ||    36
Dodge: Dodged            ||    24
Block: Shield            ||    41

Table legend:
 A = Non-vault XP
 B = Vault XP
 C = Vault XP percentage of total XP
 D = Non-vault monster count
 E = Vault monster count
 F = Vault count percentage of total count
                 A         B        C        D         E       F
            +---------+---------+-------+---------+---------+-------
      Total |      31 |       3 |   8.8 |      17 |       2 |  10.5
            +---------+---------+-------+---------+---------+-------
        D:1 |      29 |       3 |   9.4 |      16 |       2 |  11.1
        D:2 |       2 |       0 |   0.0 |       1 |       0 |   0.0
            +---------+---------+-------+---------+---------+-------
